AoeStats
← St. Stacy

Enclosed

504104214Analyzed
1v1 RM · 29d ago on Sep 3, 2026· 27m 52s· 2 players
Game mode
Random Map
Map size
Tiny (2 player)
Population
200
Speed
Normal
Resources
Standard
Victory
Conquest
Starting age
Dark Age
Ending age
Imperial Age
RankedLock teamsTeams togetherTeam positionsShared explorationLock speedFull tech treeHidden civsTurbo modeCheats
Victory
Defeat
🇬🇧 Magyars · United Kingdom
759
+14
🇹🇷 Britons · Türkiye
716
-14
St. Stacy
4:59 Loom
11:49 Feudal Age
12:27 Double-Bit Axe
13:27 Horse Collar
16:05 Wheelbarrow
19:04 Wheelbarrow
18:31 Town Watch
19:07 Bloodlines
19:19 Bloodlines
23:10 Castle Age
22:53 Scale Barding Armor
25:02 Bow Saw
25:17 Thumb Ring
24:33 Elite Skirmisher
25:21 Padded Archer Armor
26:19 Heavy Plow
TroubleMaker
11:10 Feudal Age
11:59 Double-Bit Axe
11:56 Horse Collar
13:33 Wheelbarrow
12:43 Loom
12:44 Town Watch
13:37 Wheelbarrow
12:51 Loom
12:51 Town Watch
15:25 Gold Mining
22:44 Padded Archer Armor
22:35 Fletching
26:03 Castle Age
26:50 Stone Mining
Connection lost

Rejoining the realm…

Still unreachable

The connection could not be restored.

Session expired

The server has moved on; the page needs a fresh start.